AoeStats
← DK_Odysseo

Arabia

508741898Analyzed
1v1 RM · 9d ago on Sep 23, 2026· 48m 37s· 2 players
Game mode
Random Map
Map size
Tiny (2 player)
Population
200
Speed
Normal
Resources
Standard
Victory
Conquest
Starting age
Dark Age
Ending age
Imperial Age
RankedLock teamsTeams togetherTeam positionsShared explorationLock speedFull tech treeHidden civsTurbo modeCheats
Victory
Defeat
🇹🇷 Vikings · Türkiye
1865
+19
🇪🇸 Tatars · Spain
1922
-19
Maverick_Taha
5:57 Loom
12:28 Feudal Age
13:36 Double-Bit Axe
16:11 Fletching
19:56 Castle Age
18:05 Horse Collar
18:59 Padded Archer Armor
19:43 Gold Mining
19:58 Crossbowman
20:43 Bodkin Arrow
22:35 Bow Saw
23:29 Ballistics
28:16 Leather Archer Armor
35:54 Imperial Age
35:49 Heavy Plow
35:41 Stone Mining
35:58 Arbalester
36:40 Bogsveigar
36:40 Bracer
37:42 Chemistry
37:14 Conscription
37:43 Ring Archer Armor
40:00 Hoardings
39:00 Elite Skirmisher
39:03 Pikeman
39:44 Squires
40:21 Scale Mail Armor
40:31 Forging
41:25 Chain Mail Armor
41:33 Arson
42:28 Iron Casting
43:40 Plate Mail Armor
44:27 Two-Man Saw
43:59 Crop Rotation
44:07 Gold Shaft Mining
43:05 Capped Ram
45:09 Blast Furnace
43:30 Man-at-Arms
45:10 Long Swordsman
45:55 Two-Handed Swordsman
47:26 Chieftains
DK_Odysseo
6:08 Loom
8:49 Feudal Age
9:28 Double-Bit Axe
14:10 Fletching
20:19 Castle Age
18:24 Horse Collar
19:04 Padded Archer Armor
20:26 Gold Mining
20:21 Crossbowman
21:00 Bodkin Arrow
21:23 Bow Saw
22:43 Ballistics
22:59 Town Watch
23:50 Wheelbarrow
29:29 Husbandry
29:39 Bloodlines
30:09 Leather Archer Armor
36:48 Imperial Age
36:52 Masonry
37:31 Bracer
37:41 Silk Armor
38:12 Ring Archer Armor
37:08 Light Cavalry
37:56 Scale Barding Armor
38:53 Chemistry
38:39 Heavy Cavalry Archer
41:43 Capped Ram
43:19 Heavy Plow
44:27 Scale Barding Armor
44:33 Forging
45:33 Chain Barding Armor
45:17 Siege Ram
46:11 Elite Steppe Lancer
46:20 Hussar
48:14 Plate Barding Armor
Connection lost

Rejoining the realm…

Still unreachable

The connection could not be restored.

Session expired

The server has moved on; the page needs a fresh start.